 Dungeon Crawl Stone Soup version 0.29-a0-317-gd16b76e6b1 (webtiles) character file.

Game seed: 16799205112256002085

62 Ijustatesigmund the Sneak (level 4, -2/29 HPs)
             Began as a Gargoyle Delver on Mar 30, 2022.
             Killed from afar by an orc wizard (8 damage)
             ... with a puff of flame
             ... on level 5 of the Dungeon.
             The game lasted 00:01:42 (670 turns).

Ijustatesigmund the Sneak (Gargoyle Delver)          Turns: 670, Time: 00:01:43

Health: -2/29      AC:  6    Str: 15    XL:     4   Next: 8%
Magic:  4/4        EV: 11    Int: 13    God:
Gold:   13         SH:  0    Dex: 11    Spells: 3/3 levels left

rFire   . . .      SeeInvis .   a - +0 mace
rCold   . . .      Faith    .   (no shield)
rNeg    + . .      Spirit   .   b - +0 leather armour
rPois   ∞          Reflect  .   (no helmet)
rElec   +          Harm     .   (no cloak)
rCorr   .          Rampage  .   (no gloves)
Will    .....                   (no boots)
Stlth   +.........              (no amulet)
HPRegen 0.09/turn               (no ring)
MPRegen 0.09/turn               (no ring)

@: confused
A: sickness immunity, AC +3, negative energy resistance 1, electricity
resistance, torment resistance 1, petrification resistance
a: no special abilities


You were on level 5 of the Dungeon.
You visited 1 branch of the dungeon, and saw 1 of its levels.

You collected 13 gold pieces.

Inventory:

Hand Weapons
 a - a +0 mace (weapon)
Armour
 b - a +0 leather armour (worn)
Wands
 g - a wand of digging (3)
Scrolls
 c - a scroll of fog
 d - a scroll of magic mapping
 e - a scroll of fear
 i - a scroll of amnesia
Potions
 f - a potion of haste


   Skills:
 + Level 4.1 Fighting
 * Level 3.6 Maces & Flails
 - Level 1.5 Dodging
 - Level 5.4 Stealth


You had 3 spell levels left.
You didn't know any spells.
Your spell library contained the following spells:

 Spells                   Type           Power      Damage    Failure   Level
 Shock                    Conj/Air       0%         1d3       36%         1
 Swiftness                Air            0%         N/A       75%         3
 Airstrike                Air            0%         N/A       98%         4


Dungeon Overview and Level Annotations

Branches:
Dungeon (5/15)
 Temple: D:4-7

Altars:


Innate Abilities, Weirdness & Mutations

You are immune to sickness and miasma.
Your stone body is resilient. (AC +3)
You are immune to poison.
You resist negative energy. (rN+)
You are resistant to electric shocks. (rElec)
You are resistant to unholy torment.
You are immune to petrification.


Message History

Reactivating autopickup.
You feel a bit more experienced.
Your Fighting skill increases to level 4!
You have reached level 4!
You feel clever.
Deactivating autopickup; reactivate with Ctrl-A.
You closely miss something. Something hits you but does no damage.
Something barely misses you.
You barely miss something. Something hits you but does no damage.
You closely miss something. Something hits you.
You hit something but do no damage. Something hits you but does no damage.
You hit something. Something hits you but does no damage.
You barely miss something. Something completely misses you.
Something hits you but does no damage.
You barely miss something. Something hits you but does no damage.
You hit something but do no damage. Something hits you.
You miss something. Something hits you but does no damage.
You miss something. Something hits you.
You miss something. Something hits you.
You hear some strange, mumbled words.
A magic dart appears from out of thin air!
The magic dart hits you!
You closely miss something. Something hits you.
* * * LOW HITPOINT WARNING * * *
You closely miss something. Something hits you.
* * * LOW HITPOINT WARNING * * *
You hit something.
You hear some strange, mumbled words.
You are confused.
Okay, then.
You bump into the rock wall.
Something hits you.
* * * LOW HITPOINT WARNING * * *
You bump into the rock wall.
You hear some strange, mumbled words.
Something tries to affect you, but you resist.
You bump into the rock wall.
You hear some strange, mumbled words.
A puff of flame appears from out of thin air!
The puff of flame hits you!
You die...

#.# o♣ ≈≈.≈≈
#.##♣≈♣##### ♣≈≈.≈♣
#....♣.....# P≈≈.≈♣
####.####..#
#♣≈≈.≈♣♣
#.####..###♣≈≈≈.≈♣≈
#.##....>(#≈P≈≈.PP≈
#.##.#..#.#P≈≈P.≈P≈
#{##.#..#..≈≈P≈.≈≈P
#.@.....###≈≈≈P.≈≈≈
####.#### ##♣≈≈.≈≈≈
#.# #≈≈.≈P♣ #.#
####♣.≈≈# #.#
#........ #.#
#........ #.#
#...).... #.#
#........ ###.####
#........


There were no monsters in sight!

Vanquished Creatures
  An iguana (D:5)
  An orc wizard (D:5)
  An adder (D:5)
  A dart slug (D:5)
4 creatures vanquished.

Vanquished Creatures (others)
  10 plants (D:5)
10 creatures vanquished.

Grand Total: 14 creatures vanquished

Notes
Turn   | Place    | Note
-------+----------+-------------------------------------------
     0 | D:5      | Ijustatesigmund the Gargoyle Delver began the quest for the
                  | Orb.
     0 | D:5      | Reached XP level 1. HP: 14/14 MP: 1/1
    50 | D:5      | Noticed an orc priest
    52 | D:5      | Noticed an orc wizard
   202 | D:5      | Noticed an iguana
   217 | D:5      | Noticed an iguana
   230 | D:5      | Killed an iguana
   231 | D:5      | Reached XP level 2. HP: 5/20 MP: 2/2
   231 | D:5      | Reached XP level 3. HP: 6/24 MP: 3/3
   654 | D:5      | Reached XP level 4. HP: 22/29 MP: 4/4
   670 | D:5      | Killed from afar by an orc wizard

Illustrated notes

Levels and vault maps discovered:
D:5:      layout_loops_cross, grunt_temple_overflow_growth_and_decay,
          gammafunk_ghost_mausoleum, serial_bayou, serial_bayou_ford_a,
          serial_bayou_shore_b, serial_bayou_crossing, serial_bayou_lagoon_b

Skill      XL: |  1  2  3 |
---------------+----------+-----
Maces & Flails | 3 |  3.6
Fighting       | 4 |  4.1
Dodging        | |  1.5
Stealth        | |  5.4

Action                   |  1- 3 |  4- 6 || total
-------------------------+-------+-------++-------
Melee: Mace              |    37 |    14 ||    51
  Use: Scroll            |     1 |       ||     1
Armor: Leather armour    |    13 |     7 ||    20
Dodge: Dodged            |    31 |     2 ||    33

Table legend: (Time is in decaauts)
 A = Elapsed time spent in this place.
 B = Non-inter-level travel time spent in this place.
 C = Inter-level travel time spent in this place.
 D = Time resting spent in this place.
 E = Time spent auto-exploring this place.
 F = Levels seen in this place.
 G = Mean time per level.
                   A        B        C        D        E       F      G
               +--------+--------+--------+--------+--------+-----+--------+
         Total |    691 |    691 |      0 |    457 |     48 |   1 |  691.0 |
       Dungeon |    691 |    691 |      0 |    457 |     48 |   1 |  691.0 |
               +--------+--------+--------+--------+--------+-----+--------+

Top non-repeatable levels by time:
     D:5: 691 daAuts
